 Dungeon Crawl Stone Soup version 0.16.1-16-gc44b35d (webtiles) character file.

906 Shoikan the Basher (level 7, 57/57 HPs)
             Began as a Minotaur Berserker on Apr 19, 2015.
             Was a High Priest of Trog.
             Drowned
             ... in a sewer on Apr 20, 2015.
             The game lasted 00:28:07 (4979 turns).

Shoikan the Basher (Minotaur Berserker)             Turns: 4979, Time: 00:28:08

Health: 57/57      AC: 11    Str: 22    XL:     7   Next: 81%
Magic:  3/3        EV: 10    Int:  6    God:    Trog [*****.]
Gold:   243        SH:  0    Dex:  9    Spells: 0 memorised, 6 levels left

rFire  . . .     SeeInvis +     a - +0 mace
rCold  . . .     Clarity  .     m - +0 scale mail
rNeg   . . .     SustAb   .     (no shield)
rPois  .         Gourm    .     (helmet restricted)
rElec  .         Spirit   .     (no cloak)
rCorr  .         Warding  .     l - +0 pair of gloves
rMut   .         Stasis   .     (no boots)
MR     .....                    (no amulet)
Stlth  ..........               s - +2 ring of protection
                                h - ring of see invisible

@: not resistant to hostile enchantments, extremely unstealthy
A: retaliatory headbutt, horns 2
a: Burn Spellbooks, Berserk, Trog's Hand, Brothers in Arms, Renounce Religion


You were in a sewer.
You worshipped Trog.
Trog was extremely pleased with you.
You were hungry.

You visited 1 branch of the dungeon, and saw 5 of its levels.
You also visited: Sewer.

You collected 243 gold pieces.

Inventory:

Hand weapons
 a - a +0 mace (weapon)
 t - a +2 hand axe of chopping
Missiles
 o - 6 poisoned javelins (quivered)
Armour
 l - a +0 pair of gloves (worn)
 m - a +0 scale mail (worn)
Jewellery
 h - a ring of see invisible (left hand)
 s - a +2 ring of protection (right hand)
Magical devices
 r - a wand of lightning (7)
 w - a wand of slowing (25)
Scrolls
 b - 2 scrolls of fog
 d - 4 scrolls of teleportation
 e - 4 scrolls of remove curse
 f - a scroll of magic mapping
 i - a scroll of immolation {unknown}
 j - 2 scrolls of identify
 k - 3 scrolls of random uselessness {unknown}
 n - 3 scrolls of noise {unknown}
Potions
 q - a potion of restore abilities {unknown}
 u - 2 potions of curing
 v - 3 potions of flight
Comestibles
 c - a bread ration
 g - 3 meat rations
 p - a royal jelly


   Skills:
 - Level 3.6 Fighting
 + Level 8.3 Maces & Flails
 - Level 8.0 Armour
 - Level 2.1 Dodging


You had 6 spell levels left.
You didn't know any spells.

Dungeon Overview and Level Annotations

Branches:
Dungeon (5/15)             Temple (0/1) D:4

Altars:
Elyvilon
Nemelex Xobeh
Ru


Innate Abilities, Weirdness & Mutations

You reflexively headbutt those who attack you in melee.
You have a pair of horns on your head.


Message History

There is an open door here.
You enter the shallow water.
Moving in this stuff is going to be slow.
You are feeling hungry.
HP restored.
You enter the shallow water.
Moving in this stuff is going to be slow.
Partly explored, can't reach some places.
Partly explored, can't reach some places.
Why would you want to do that?
You enter the shallow water.
Moving in this stuff is going to be slow.
Drink which item? (? for menu, Esc to quit)
You feel very buoyant.
You fly up into the air.
Partly explored, can't reach some places.
Careful!
You are starting to lose your buoyancy.
You float gracefully downwards.
You fall into the water!
You sink like a stone!
You drown...
You die...

≈≈≈≈≈≈≈≈≈≈≈≈≈≈≈≈≈≈≈≈≈≈≈###
####..#≈≈≈≈≈≈≈≈≈≈≈≈≈≈≈≈###
# #..###≈≈≈≈≈≈≈≈≈≈≈≈≈≈###
# ##.## #≈≈≈≈≈≈≈≈≈≈≈≈≈≈###
###..# ##≈≈≈≈≈≈≈≈≈≈≈≈≈###
....## #≈≈≈≈≈≈≈≈≈≈≈≈≈≈###
#####≈≈≈≈≈≈≈≈≈≈≈≈≈≈≈≈≈≈###
##≈≈≈≈≈≈≈≈≈≈≈≈≈≈≈≈≈≈≈###
##≈≈≈≈≈≈≈≈≈≈≈≈@≈≈≈≈≈≈###
##≈≈≈≈≈≈≈≈≈≈≈≈≈≈≈≈≈≈≈###
#######################
######################
#####################
##################
###############
############## #########


There were no monsters in sight!

Vanquished Creatures
  A phantom (D:4)
  A centaur (D:5)
  A scorpion (D:4)
  A hound (D:5)
  A jelly (D:5)
  2 orc priests (D:4)
  2 iguanas (D:5)
  A merfolk avatar (Sewer)
  A siren (Sewer)
  6 worker ants
  Terence (D:2)
  12 adders
  3 giant mites (Sewer)
  2 river rats (Sewer)
  3 worms
  An adder skeleton (D:4)
  2 giant geckos
  2 oozes
  21 orcs
  10 bats
  2 bat skeletons (D:4)
  5 giant cockroaches
  6 hobgoblins
  10 kobolds
  7 ball pythons
  A giant gecko skeleton (D:5)
  9 giant newts
  16 goblins
  3 jackals
  2 quokkas
  31 rats
166 creatures vanquished.

Vanquished Creatures (others)
  19 drowned souls (Sewer)
19 creatures vanquished.

Grand Total: 185 creatures vanquished

Notes
Turn   | Place    | Note
--------------------------------------------------------------
     0 | D:1      | Shoikan, the Minotaur Berserker, began the quest for the Orb.
     0 | D:1      | Reached XP level 1. HP: 19/19 MP: 1/1
   112 | D:1      | Reached XP level 2. HP: 26/26 MP: 1/1
   253 | D:1      | Acquired Trog's second power
   559 | D:1      | Reached skill level 4 in Armour
   777 | D:2      | Reached XP level 3. HP: 31/31 MP: 2/2
   840 | D:2      | Found a sacrificial altar of Ru.
   952 | D:2      | Reached skill level 5 in Armour
  1068 | D:2      | Noticed Terence
  1090 | D:2      | Killed Terence
  1090 | D:2      | Reached XP level 4. HP: 23/39 MP: 2/2
  1593 | D:3      | Found a sparkling altar of Nemelex Xobeh.
  1681 | D:3      | Reached skill level 6 in Armour
  1821 | D:3      | Reached XP level 5. HP: 30/45 MP: 2/2
  2124 | D:3      | Found a white marble altar of Elyvilon.
  2578 | D:4      | Reached skill level 7 in Armour
  2727 | D:4      | Found a staircase to the Ecumenical Temple.
  2764 | D:4      | Reached XP level 6. HP: 24/51 MP: 3/3
  2769 | D:4      | Acquired Trog's third power
  3106 | D:4      | Reached skill level 8 in Armour
  3368 | D:4      | HP: 2/51 [orc priest/divine providence (13)]
  3375 | D:4      | HP: 2/51 [orc priest/hand axe (2)]
  3818 | D:5      | Entered Level 5 of the Dungeon
  3826 | D:5      | Reached skill level 5 in Maces & Flails
  3878 | D:5      | Reached XP level 7. HP: 7/57 MP: 3/3
  3918 | D:4      | Noticed a phantom
  3943 | D:4      | Killed a phantom
  4212 | D:5      | Received a gift from Trog
  4367 | D:5      | Found a glowing drain.
  4406 | Sewer    | Entered a sewer
  4652 | Sewer    | Received a gift from Trog
  4828 | Sewer    | Noticed a drowned soul
  4830 | Sewer    | Noticed a drowned soul
  4831 | Sewer    | Killed a drowned soul
  4833 | Sewer    | Noticed a drowned soul
  4833 | Sewer    | Killed a drowned soul
  4834 | Sewer    | Noticed a drowned soul
  4835 | Sewer    | Killed a drowned soul
  4837 | Sewer    | Noticed a drowned soul
  4838 | Sewer    | Noticed a drowned soul
  4839 | Sewer    | Killed a drowned soul
  4839 | Sewer    | Killed a drowned soul
  4841 | Sewer    | Killed a drowned soul
  4842 | Sewer    | Noticed a drowned soul
  4843 | Sewer    | Killed a drowned soul
  4845 | Sewer    | Noticed a drowned soul
  4846 | Sewer    | Noticed a drowned soul
  4847 | Sewer    | Noticed a drowned soul
  4848 | Sewer    | Killed a drowned soul
  4849 | Sewer    | Noticed a drowned soul
  4849 | Sewer    | Noticed a drowned soul
  4850 | Sewer    | Killed a drowned soul
  4852 | Sewer    | Killed a drowned soul
  4852 | Sewer    | Killed a drowned soul
  4853 | Sewer    | Noticed a drowned soul
  4855 | Sewer    | Noticed a drowned soul
  4855 | Sewer    | Noticed a drowned soul
  4856 | Sewer    | Killed a drowned soul
  4857 | Sewer    | Noticed a drowned soul
  4857 | Sewer    | Killed a drowned soul
  4858 | Sewer    | Noticed a drowned soul
  4858 | Sewer    | Killed a drowned soul
  4860 | Sewer    | Noticed a drowned soul
  4860 | Sewer    | Killed a drowned soul
  4862 | Sewer    | Killed a drowned soul
  4863 | Sewer    | Noticed a drowned soul
  4866 | Sewer    | Noticed a drowned soul
  4866 | Sewer    | Noticed a drowned soul
  4866 | Sewer    | Killed a drowned soul
  4867 | Sewer    | Killed a drowned soul
  4868 | Sewer    | Noticed a drowned soul
  4869 | Sewer    | Noticed a drowned soul
  4869 | Sewer    | Killed a drowned soul
  4870 | Sewer    | Noticed a drowned soul
  4979 | Sewer    | Drowned

Action                   |  1- 3 |  4- 6 |  7- 9 || total
-------------------------+-------+-------+-------++-------
Melee: Mace              |    85 |   184 |   183 ||   452
Throw: Javelin           |       |       |     5 ||     5
Invok: Trog's Hand       |     1 |     1 |     2 ||     4
  Use: Scroll            |     1 |     1 |     3 ||     5
       Potion            |       |     5 |     1 ||     6
  Eat: Chunk             |       |     4 |     5 ||     9
       Bread ration      |       |     1 |       ||     1
